 Dungeon Crawl Stone Soup version 0.18.1-50-g88ac8fd (webtiles) character file.

58858 ololoev the Cleaver (level 14, -15/195 HPs)
             Began as a Demonspawn Berserker on Oct 28, 2016.
             Was a High Priest of Trog.
             Demolished by a giant leech (20 damage)
             ... on level 3 of the Swamp on Oct 31, 2016.
             The game lasted 01:00:30 (7452 turns).

ololoev the Cleaver (Demonspawn Berserker)          Turns: 7452, Time: 01:00:30

Health: -15/195    AC: 21    Str: 32    XL:     14   Next: 51%
Magic:  13/17      EV: 15    Int: 10    God:    Trog [*****.]
Gold:   1467       SH:  0    Dex: 12    Spells: 0 memorised, 13 levels left

rFire  + . .     SeeInvis .     a - +2 battleaxe (elec)
rCold  + . .     Gourm    .     B - +2 plate armour {rF+}
rNeg   . . .     Faith    .     (shield currently unavailable)
rPois  +         Spirit   .     d - +1 hat
rElec  .         Dismiss  .     r - +0 cloak
rCorr  .         Reflect  .     K - +0 pair of gloves
SustAt .         Harm     .     (boots unavailable)
MR     +++..                    i - amulet of Vitality {Regen+ HP+15}
Stlth  ..........               y - +2 ring of evasion
                                M - +5 ring of strength

@: berserking, regenerating, very quick, extremely resistant to hostile
enchantments, extremely unstealthy
A: claws 2, hooves 3, horns 2, cold resistance 1, foul stench 1, sense
surroundings 1, poison resistance, powered by death 2, rot immunity
a: Berserk, Trog's Hand, Brothers in Arms, Burn Spellbooks, Renounce Religion


Innate Abilities, Weirdness & Mutations

You have very sharp fingernails.
You have hooves in place of feet.
You have a pair of horns on your head.
You may emit foul miasma when damaged in melee.
You regenerate health from kills.
You are immune to rotting.
Your flesh is cold resistant.
You passively map a small area around you.
Your system is resistant to poisons.

Inventory:

Hand Weapons
 a - a +2 battleaxe of electrocution (weapon)
 b - a +2 battleaxe of flaming
 t - a +3 antimagic executioner's axe
Armour
 d - a +1 hat (worn)
 r - a +0 cloak (worn)
 B - a +2 plate armour of fire resistance (worn)
 K - a +0 pair of gloves (worn)
Rods
 c - a +2 rod of ignition (14/14)
   (You found it on level 6 of the Dungeon)
Jewellery
 i - the amulet of Vitality (around neck) {Regen+ HP+15}
   (You found it on level 4 of the Dungeon)

   [amulet of regeneration]

   It affects your health (+15).
   It increases your rate of regeneration.
 w - an uncursed ring of flight
 y - a +2 ring of evasion (right hand)
 z - an uncursed ring of protection from fire
 H - an uncursed ring of see invisible
 L - an uncursed ring of protection from magic
 M - a +5 ring of strength (left hand)
Wands
 x - a wand of digging (12/24)
 N - a wand of disintegration (18/24)
 W - a wand of acid (7/15)
 Y - a wand of digging (6/24)
Scrolls
 e - a scroll of vulnerability {unknown}
 f - 8 scrolls of remove curse
 g - 3 scrolls of magic mapping {unknown}
 h - 2 scrolls of fog
 l - 2 scrolls of enchant armour
 n - 3 scrolls of immolation
 p - 3 scrolls of enchant weapon
 u - a scroll of acquirement {unknown}
 A - 4 scrolls of silence
 J - 3 scrolls of teleportation {unknown}
 O - a scroll of holy word {unknown}
 P - a scroll of blinking {unknown}
 R - a scroll of brand weapon {unknown}
 S - 2 scrolls of summoning {unknown}
 Z - 3 scrolls of recharging {unknown}
Potions
 j - 5 potions of might
 q - 2 potions of berserk rage
 s - 3 potions of curing
 D - 4 potions of agility
 E - 2 potions of haste
 Q - a potion of lignification {unknown}
 T - 2 potions of flight {unknown}
 U - 3 potions of heal wounds
 V - a potion of cure mutation
 X - a potion of magic {unknown}
Books
 v - a book of Air

   Spells                             Type                      Level
   a - Shock                          Conjuration/Air              1
   b - Swiftness                      Charms/Air                   2
   c - Repel Missiles                 Charms/Air                   2
   d - Static Discharge               Conjuration/Air              3
   e - Lightning Bolt                 Conjuration/Air              5
   Trog disapproves of the use of such an item.
 C - a book of Death

   Spells                             Type                      Level
   a - Corpse Rot                     Necromancy                   2
   b - Sublimation of Blood           Necromancy                   2
   c - Agony                          Necromancy                   5
   d - Dispel Undead                  Necromancy                   5
   e - Excruciating Wounds            Charms/Necromancy            5
   f - Bolt of Draining               Conjuration/Necromancy       5
   Trog disapproves of the use of such an item.
 I - the Handbook of Venom
   (You found it on level 7 of the Lair of Beasts)

   Spells                             Type                      Level
   a - Sting                          Conjuration/Poison           1
   b - Spider Form                    Transmutation/Poison         3
   c - Olgreb's Toxic Radiance        Poison                       4
   d - Alistair's Intoxication        Transmutation/Poison         5
   Trog disapproves of the use of such an item.
Miscellaneous
 k - an ornate deck of summoning
Comestibles
 m - 8 meat rations
 o - 8 bread rations
 F - 4 chunks of flesh
 G - 3 royal jellies


   Skills:
 + Level 12.0 Fighting
 * Level 13.6 Axes
 + Level 11.1 Armour
 + Level 11.3 Dodging
 - Level 5.1 Evocations


You had 13 spell levels left.
You didn't know any spells.


You were on level 3 of the Swamp.
You worshipped Trog.
Trog was extremely pleased with you.
You were not hungry.

You visited 4 branches of the dungeon, and saw 24 of its levels.
You also visited: Ice Cave and Volcano.

You collected 1753 gold pieces.
You spent 286 gold pieces at shops.

, , , ≈ * ≈ * ≈
♣♣♣♣ , , ≈ *
≈≈.≈♣* , , ≈
≈≈..≈♣♣♣♣♣♣♣♣ . ≈
≈
≈≈≈..≈≈.....♣♣.≈.
≈≈.w≈≈≈≈.≈w...≈≈.
* ≈≈≈
,♣≈>..f@......♣,≈
≈ ♣♣♣.<....≈≈...
≈ ≈ ♣♣≈≈≈.≈≈....
♣.§..≈≈.♣♣. *
.^§♣.≈.♣♣
≈≈..♣♣♣♣♣ ♣♣..♣♣
♣♣♣♣

Notes
Turn   | Place    | Note
--------------------------------------------------------------
     0 | D:1      | ololoev the Demonspawn Berserker began the quest for the Orb.
     0 | D:1      | Reached XP level 1. HP: 18/18 MP: 1/1
   196 | D:3      | Noticed Sigmund
   204 | D:3      | Gained mutation: You regenerate a little health from kills. [demonic ancestry]
   204 | D:3      | Reached XP level 2. HP: 24/24 MP: 2/2
   211 | D:3      | Killed Sigmund
   211 | D:3      | Reached skill level 3 in Axes
   211 | D:3      | Gained mutation: You have large cloven feet. [demonic ancestry]
   211 | D:3      | Reached XP level 3. HP: 30/30 MP: 3/3
   211 | D:3      | Gained mutation: You have hoof-like feet. [demonic ancestry]
   211 | D:3      | Reached XP level 4. HP: 37/37 MP: 4/4
   211 | D:3      | Reached XP level 5. HP: 42/42 MP: 5/5
   365 | D:4      | Reached ** piety under Trog
   405 | D:5      | Entered Level 5 of the Dungeon
   406 | D:5      | Noticed a phantom
   415 | D:5      | Reached XP level 6. HP: 48/48 MP: 6/6
   466 | D:5      | Noticed an ice beast
   471 | D:5      | Reached skill level 4 in Axes
   475 | D:5      | Killed an ice beast
   475 | D:5      | Gained mutation: You regenerate health from kills. [demonic ancestry]
   475 | D:5      | Reached XP level 7. HP: 55/55 MP: 7/7
   543 | D:5      | Found a glowing silver altar of Zin.
   586 | D:6      | Found an oddly glowing altar of Pakellas.
   745 | D:5      | Reached skill level 5 in Fighting
   812 | D:6      | Found a shattered altar of Ashenzari.
   907 | D:6      | Got a shimmering dagger
  1030 | D:6      | Identified a +2 rod of ignition (14/14) (You found it on level 6 of the Dungeon)
  1121 | D:7      | Gained mutation: You have hooves in place of feet. [demonic ancestry]
  1121 | D:7      | Reached XP level 8. HP: 63/63 MP: 8/8
  1123 | D:7      | Reached skill level 5 in Axes
  1126 | D:7      | Reached skill level 1 in Evocations
  1375 | D:8      | Reached skill level 5 in Armour
  1375 | D:8      | Reached skill level 5 in Dodging
  1544 | D:9      | Reached *** piety under Trog
  1575 | D:9      | Gained mutation: You are immune to rotting. [demonic ancestry]
  1575 | D:9      | Reached XP level 9. HP: 69/69 MP: 9/11
  1736 | D:10     | Entered Level 10 of the Dungeon
  1759 | D:9      | Reached **** piety under Trog
  1759 | D:9      | Reached skill level 6 in Axes
  1840 | D:9      | Found a shimmering altar of Xom.
  1958 | D:9      | Found Nupsiss's Distillery.
  1963 | D:9      | Bought a potion of curing for 39 gold pieces
  1963 | D:9      | Bought a potion of agility for 52 gold pieces
  1963 | D:9      | Bought a potion of haste for 130 gold pieces
  1963 | D:9      | Bought a potion of heal wounds for 65 gold pieces
  2051 | D:9      | Noticed a troll
  2064 | D:9      | Killed a troll
  2363 | D:11     | Gained mutation: You have sharp fingernails. [demonic ancestry]
  2363 | D:11     | Reached XP level 10. HP: 79/79 MP: 13/13
  2400 | D:11     | Noticed a hill giant
  2422 | D:11     | Killed a hill giant
  2422 | D:11     | Reached skill level 5 in Evocations
  2463 | D:11     | Noticed a hill giant
  2473 | D:11     | Killed a hill giant
  2473 | D:11     | Reached skill level 7 in Axes
  2514 | D:11     | Found a staircase to the Lair.
  2599 | D:11     | Gained mutation: You are weak. (Str -2) [mutagenic meat]
  2600 | D:11     | Lost mutation: You are weak. (Str -2) [mutagenic meat]
  2601 | D:11     | Gained mutation: You are frail (-10% HP). [mutagenic meat]
  2602 | D:11     | Gained mutation: Your muscles are strong. (Str +2) [mutagenic meat]
  2603 | D:11     | Gained mutation: Your spells are a little harder to cast, but a little more powerful. [mutagenic meat]
  2604 | D:11     | Lost mutation: Your muscles are strong. (Str +2) [mutagenic meat]
  2605 | D:11     | Gained mutation: You passively map a small area around you. [potion of mutation]
  2605 | D:11     | Gained mutation: Your flesh is cold resistant. [potion of mutation]
  2605 | D:11     | Gained mutation: Your body sometimes deteriorates upon taking damage. [potion of mutation]
  2622 | D:11     | Noticed a cyclops
  2642 | D:11     | Killed a cyclops
  2754 | D:11     | Noticed Maurice
  2791 | D:11     | Noticed Maurice
  2791 | D:11     | Maurice changed into Maurice the naga
  2883 | D:11     | Found a staircase to the Orcish Mines.
  2891 | Orc:1    | Entered Level 1 of the Orcish Mines
  2891 | Orc:1    | Noticed an orc warlord
  2891 | Orc:1    | Noticed an orc sorcerer
  2894 | Orc:1    | Noticed an orc sorcerer
  2899 | Orc:1    | Noticed an orc sorcerer
  2901 | Orc:1    | Noticed a smoke demon
  2901 | Orc:1    | Killed an orc sorcerer
  2903 | Orc:1    | Received a gift from Trog
  2923 | D:11     | Killed Maurice the naga
  2931 | D:11     | Goblin1989: yo ololoev
  2998 | Lair:1   | Entered Level 1 of the Lair of Beasts
  2998 | Lair:1   | Noticed a spiny frog
  2999 | Lair:1   | ololoev: yo gob!
  3004 | Lair:1   | Killed a spiny frog
  3079 | Lair:1   | Gained mutation: You have a pair of small horns on your head. [demonic ancestry]
  3079 | Lair:1   | Reached XP level 11. HP: 78/78 MP: 14/14
  3105 | Lair:2   | Reached skill level 8 in Axes
  3139 | Lair:2   | Goblin1989: кстати я не болшой игрок в транк, но заметил что это -10% хп довольно уж часто появляется
  3139 | Lair:2   | ololoev: как повезет
  3139 | Lair:2   | ololoev: от трана не зависит, мутки не перепиливали
  3164 | Lair:2   | Goblin1989: я вообще подумал сперва что это такая фишка хепла, ибо я его тестил некоторое время
  3166 | Lair:2   | ololoev: а
  3166 | Lair:2   | ololoev: если хепла берешь то это одно из условий
  3166 | Lair:2   | ololoev: что будет фреил 1
  3166 | Lair:2   | Goblin1989: о как
  3184 | Lair:2   | Goblin1989: значит не показалось
  3206 | Lair:2   | Goblin1989: тогда я еще не совсем ебанулся
  3238 | Lair:2   | Goblin1989: а в вики про это не написано
  3238 | Lair:2   | ololoev: вики медленно обновляется
  3302 | Lair:3   | Noticed an eight-headed hydra
  3310 | Lair:3   | Reached ***** piety under Trog
  3313 | Lair:3   | Killed a five-headed hydra
  3316 | Lair:3   | Noticed Harold
  3326 | Lair:3   | Received a gift from Trog
  3328 | Lair:3   | Killed Harold
  3328 | Lair:3   | Reached skill level 9 in Axes
  3505 | Lair:3   | Noticed Gastronok
  3523 | Lair:3   | Killed Gastronok
  3559 | Lair:3   | Gained mutation: You may emit foul miasma when damaged in melee. [demonic ancestry]
  3559 | Lair:3   | Reached XP level 12. HP: 76/86 MP: 15/15
  3653 | Lair:3   | Reached skill level 10 in Axes
  3725 | Lair:3   | Noticed a four-headed hydra
  3733 | Lair:3   | Killed a one-headed hydra
  3797 | Lair:4   | Oozefury: go go power rangers
  3798 | Lair:4   | ololoev: yo ooze
  3818 | Lair:4   | Oozefury: hi
  3945 | Lair:4   | Reached skill level 10 in Fighting
  3952 | Lair:4   | Goblin1989: hi, ooze!
  3971 | Lair:4   | Oozefury: yo goblin
  4046 | Lair:5   | Found a frozen archway.
  4108 | IceCv    | Entered an ice cave
  4125 | IceCv    | Goblin1989: axe of flame!
  4158 | IceCv    | Goblin1989: :)
  4316 | IceCv    | Noticed an ice dragon
  4318 | IceCv    | Noticed an ice dragon
  4322 | IceCv    | Killed an ice dragon
  4322 | IceCv    | Reached skill level 11 in Axes
  4328 | IceCv    | Killed an ice dragon
  4512 | Lair:6   | Found a staircase to the Snake Pit.
  4520 | Lair:6   | Noticed dvd's ghost (journeyman TrMo)
  4538 | Lair:6   | Killed dvd's ghost
  4718 | Lair:7   | Gained mutation: You have very sharp fingernails. [demonic ancestry]
  4718 | Lair:7   | Reached XP level 13. HP: 93/93 MP: 16/16
  4895 | Lair:7   | Reached skill level 10 in Dodging
  4919 | Lair:7   | Reached skill level 10 in Armour
  4976 | Lair:7   | Found a dark tunnel.
  4981 | Volcano  | Entered a volcano
  5133 | Lair:8   | Entered Level 8 of the Lair of Beasts
  5133 | Lair:8   | Noticed Nessos
  5139 | Lair:8   | Reached skill level 12 in Axes
  5150 | Lair:8   | Received a gift from Trog
  5153 | Lair:7   | Goblin1989: <
  5170 | Lair:7   | Identified the Handbook of Venom
  5180 | Lair:7   | Goblin1989: включи реген-то
  5203 | Lair:7   | Goblin1989: во
  5244 | Lair:8   | Killed Nessos
  5687 | Lair:8   | Gained mutation: You have a pair of horns on your head. [demonic ancestry]
  5687 | Lair:8   | Reached XP level 14. HP: 97/101 MP: 17/17
  5832 | Lair:6   | Found a staircase to the Slime Pits.
  5832 | Lair:6   | Found a viscous altar of Jiyva.
  5968 | Lair:6   | Received a gift from Trog
  5973 | Lair:6   | Reached skill level 13 in Axes
  6117 | Lair:6   | Lost mutation: You are frail (-10% HP). [potion of cure mutation]
  6117 | Lair:6   | Lost mutation: Your body sometimes deteriorates upon taking damage. [potion of cure mutation]
  6117 | Lair:6   | Lost mutation: Your spells are a little harder to cast, but a little more powerful. [potion of cure mutation]
  6118 | Lair:6   | Gained mutation: Your system is resistant to poisons. [potion of beneficial mutation]
  6119 | Lair:6   | ololoev: вот офигенно повезло!
  6119 | Lair:6   | ololoev: курмут снял именно фреил и детор
  6119 | Lair:6   | ololoev: бенмут дал рпойз, который я так долго искал
  6179 | Lair:6   | Goblin1989: ну
  6267 | Lair:5   | Goblin1989: не зафейлить осталось
  6267 | Lair:5   | ololoev: и что круто - пасси меппинг остался
  6368 | Lair:5   | Goblin1989: не зафейлить осталось
  6390 | Lair:5   | Goblin1989: бля
  6409 | Lair:5   | Goblin1989: инте тупанул
  6418 | Lair:5   | Goblin1989: *инет
  6657 | Lair:4   | Goblin1989: а я в кроул пока играть не могу, пересытился
  6689 | Lair:4   | Goblin1989: за два дня почти книгу прочитал
  7056 | Lair:3   | Found a staircase to the Swamp.
  7067 | Swamp:1  | Entered Level 1 of the Swamp
  7319 | Swamp:1  | Noticed Josephine
  7330 | Swamp:1  | Killed Josephine
  7384 | Swamp:2  | Received a gift from Trog
  7447 | Swamp:3  | Noticed a thorn hunter
  7450 | Swamp:3  | Goblin1989: реген
  7450 | Swamp:3  | HP: 9/193 [ten-headed hydra (2)]
  7450 | Swamp:3  | HP: 1/193 [ten-headed hydra (8)]
  7451 | Swamp:3  | ololoev: лол
  7451 | Swamp:3  | ololoev: да реген не тащит
  7451 | Swamp:3  | ololoev: его только ради MR юзать
  7451 | Swamp:3  | ololoev: ну в общем то все
  7452 | Swamp:3  | Demolished by a giant leech

Dungeon Overview and Level Annotations

Branches:
Dungeon (12/15)              Lair (8/8) D:11          Swamp (3/4) Lair:3
  Snake (0/4) Lair:6        Slime (0/6) Lair:6          Orc (1/2) D:11
 Temple: D:4-7

Altars:
Ashenzari
Pakellas
Xom
Zin
Jiyva

Shops:
D:9 !


Message History

You headbutt the nine-headed hydra!
The nine-headed hydra is severely wounded.
You closely miss the giant leech.
The giant leech is lightly wounded.
The nine-headed hydra barely misses you.
The nine-headed hydra bites you but does no damage. x2
The nine-headed hydra bites you.
The nine-headed hydra bites you but does no damage.
The nine-headed hydra barely misses you.
The nine-headed hydra bites you! The nine-headed hydra bites you. x2
The giant leech bites you!!
The giant leech draws strength from your injuries!
You emit a cloud of foul miasma!
You are too injured to fight recklessly!
Unknown command.
You are too injured to fight recklessly!
Unknown command.
Use which ability? (? or * to list)
Your skin crawls.
You feel resistant to hostile enchantments.
You feel slightly more hungry.
The nine-headed hydra bites you but does no damage.
The nine-headed hydra closely misses you.
The nine-headed hydra bites you but does no damage.
The nine-headed hydra barely misses you.
The nine-headed hydra misses you.
The nine-headed hydra bites you but does no damage.
The nine-headed hydra bites you.
The nine-headed hydra closely misses you.
The nine-headed hydra bites you.
You slice one of the nine-headed hydra's heads off!
The eight-headed hydra grows two more!
You slash the ten-headed hydra!
The ten-headed hydra is severely wounded.
You miss the giant leech.
The giant leech is lightly wounded.
You feel less regenerative.
The giant leech is engulfed in dark miasma.
The giant leech is poisoned.
The giant leech bites you!
The giant leech draws strength from your injuries!
The ten-headed hydra barely misses you.
The ten-headed hydra closely misses you.
The ten-headed hydra bites you but does no damage. x2
The ten-headed hydra bites you.
The ten-headed hydra bites you but does no damage. x2
The ten-headed hydra closely misses you.
The ten-headed hydra bites you.
The ten-headed hydra closely misses you.
Use which ability? (? or * to list)
A red film seems to cover your vision as you go berserk!
You feel yourself moving faster!
You feel mighty!
You feel somewhat more hungry.
The thorn hunter fires a volley of thorns at you.
The volley of thorns hits you!
The giant leech is engulfed in dark miasma.
The giant leech looks even sicker.
The giant leech seems to slow down.
The giant leech bites you!!
The giant leech draws strength from your injuries!
The ten-headed hydra barely misses you.
The ten-headed hydra bites you but does no damage. x2
The ten-headed hydra barely misses you.
The ten-headed hydra completely misses you.
The ten-headed hydra bites you but does no damage.
The ten-headed hydra bites you. The ten-headed hydra bites you!
The ten-headed hydra barely misses you.
The ten-headed hydra bites you but does no damage.
You slice one of the ten-headed hydra's heads off!
The nine-headed hydra grows two more!
You slice the 11-headed hydra!! You kick the 11-headed hydra.
You kill the 11-headed hydra!
Trog accepts your kill.
Your Fighting skill increases to level 12!
You miss the giant leech.
The giant leech is lightly wounded.
Unknown command.
You slice the giant leech!! Your kick misses the giant leech.
You headbutt the giant leech!
The giant leech is severely wounded.
The giant leech is engulfed in dark miasma.
The giant leech looks even sicker.
The giant leech bites you!!
You die...

You could see a thorn hunter and 2 giant leeches.

Vanquished Creatures
  Gastronok (Lair:3)
  The ghost of dvd the Nimble, a journeyman TrMo of Ashenzari (Lair:6)
  Nessos (Lair:8)
  2 ice dragons (IceCv)
  7 hydras
  Harold (Lair:3)
  A catoblepas (Lair:8)
  A deep troll shaman (Lair:8)
  An alligator (Swamp:2)
  4 death yaks (Lair:8)
  A spriggan (Swamp:2)
  A shambling mangrove (Swamp:2)
  2 hill giants (D:11)
  A lindwurm (Lair:8)
  2 swamp dragons
  2 deep elf magi (Volcano)
  A griffon (Lair:4)
  A cyclops (D:11)
  3 black mambas
  6 elephants
  2 ice statues (IceCv)
  13 spiny frogs
  4 komodo dragons
  7 rime drakes
  2 polar bears
  A troll (D:9)
  A two-headed ogre (Volcano)
  A boulder beetle (Lair:4)
  10 blink frogs
  5 slime creatures (Swamp:1)
  A giant leech (Swamp:1)
  Sigmund (D:3)
  A shadow (Swamp:1)
  5 wraiths
  53 yaks
  10 hippogriffs
  A basilisk (Lair:7)
  2 fire bats (Volcano)
  A steam dragon (Lair:6)
  A hog (Volcano)
  5 nagas
  2 swamp worms (Swamp:2)
  8 water moccasins
  12 porcupines
  27 ice beasts
  A sky beast (D:11)
  3 wasps (Swamp:2)
  5 orc warriors
  2 ogres
  4 phantoms
  18 wolves
  2 centaurs
  12 crocodiles
  A big kobold (D:8)
  23 giant frogs
  A water moccasin zombie (D:9)
  A scorpion (D:9)
  10 killer bees
  3 vampire bats (Lair:5)
  4 howler monkeys
  An electric eel (Lair:1)
  3 crimson imps
  3 hounds
  2 jellies
  2 giant frog zombies
  5 orc priests
  2 giant frog skeletons (D:5)
  A centaur skeleton (D:11)
  15 iguanas
  8 orc wizards
  4 hell rats (Lair:6)
  3 worker ants
  5 sheep (Lair:5)
  A hound zombie (D:5)
  6 adders
  61 river rats
  5 shadow imps
  An adder zombie (D:5)
  An adder skeleton (D:9)
  3 giant geckos
  33 orcs
  6 bats
  A giant cockroach (D:3)
  4 goblins
  2 hobgoblins
  8 jackals
  4 kobolds (D:8)
  2 quokkas
  A giant gecko zombie (D:5)
  2 rats (D:1)
  2 fungi
  10 plants
513 creatures vanquished.

Vanquished Creatures (collateral kills)
  An orc sorcerer (Orc:1)
  A rime drake (Lair:8)
  A hippogriff (Lair:8)
  An orc warrior (Orc:1)
  An orc priest (Orc:1)
  An orc (Orc:1)
6 creatures vanquished.

Vanquished Creatures (others)
  Josephine (Swamp:1)
  A two-headed ogre (Volcano)
  A water moccasin (Lair:8)
  5 fungi
  7 plants
15 creatures vanquished.

Grand Total: 534 creatures vanquished

Action                   |  1- 3 |  4- 6 |  7- 9 | 10-12 | 13-15 || total
-------------------------+-------+-------+-------+-------+-------++-------
Melee: Hand axe          |    25 |    86 |    36 |       |       ||   147
       Kick              |       |    23 |   128 |   125 |   166 ||   442
       War axe           |       |       |   353 |     5 |       ||   358
       Battleaxe         |       |       |       |   410 |   469 ||   879
       Headbutt          |       |       |       |    71 |   122 ||   193
Invok: Berserk           |     1 |     2 |     4 |    10 |     2 ||    19
       Trog's Hand       |       |       |     2 |     4 |     3 ||     9
       Brothers in Arms  |       |       |       |     2 |     1 ||     3
       Burn Spellbooks   |       |       |       |     3 |       ||     3
 Abil: Evoke Flight      |       |       |       |     1 |       ||     1
Evoke: Wand              |       |       |     2 |     2 |     1 ||     5
       Rod               |       |       |     9 |    10 |     2 ||    21
  Use: Potion            |       |       |       |     7 |     3 ||    10
       Scroll            |       |       |       |     8 |     6 ||    14
 Stab: Sleeping          |     1 |       |       |       |       ||     1
       Petrifying        |       |       |       |       |     1 ||     1
  Eat: Bread ration      |       |       |     1 |       |       ||     1
       Chunk             |       |       |    14 |    28 |    10 ||    52
       Fruit             |       |       |       |     3 |     1 ||     4
       Pizza             |       |       |       |       |     1 ||     1
       Beef jerky        |       |       |       |       |     1 ||     1
Armor: Animal skin       |     5 |     8 |       |       |       ||    13
       Chain mail        |       |    37 |   140 |       |       ||   177
       Plate armour      |       |       |   155 |   307 |   359 ||   821
Dodge: Dodged            |    13 |    70 |   251 |   232 |   414 ||   980

Vault maps used:
D:1:      dpeg_arrival_windows_large_door
D:2:      lemuel_round_altar, first_bread, st_stairs_13, minmay_unequal
D:3:      minmay_misc_feat_hallway, uniq_sigmund
D:4:      lemuel_crystal_altar, serial_shops, nicolae_shop_waterfront, shop,
          shop, nicolae_shop_trees, kennysheep_generic_room_4
D:5:      nicolae_gozag_cash_rules_everything_around_me,
          lemuel_zombie_altar_yredelemnul, zin_academy, st_stairs_9
D:6:      nicolae_ashenzari_panopticon, gammafunk_temple_overflow_pools,
          grunt_pakellas_mercury
D:7:      minmay_temple_entry_mist, the_bakery, minmay_misc_feat_diagonals
D:8:      gammafunk_temple_overflow_forgotten, hangedman_misty_isle
D:9:      serial_shops, nicolae_shop_competitors_out_of_business, basic_altar,
          grunt_ministairs_10, serial_park_tiny_1
D:11:     david_lair_shrubbed, orc_0_dummy, corner_web_ring, uniq_maurice,
          uniq_erica
D:12:     laboratory, uniq_erolcha
Lair:1:   beast_lair_carwin_3, lemuel_fruit_tree, uniq_sonja
Lair:2:   ice2_lemuel, grunt_megastairs_1
Lair:3:   swamp_mist, uniq_gastronok, uniq_harold
Lair:4:   roderic_lost_polar_bear
Lair:5:   serial_forest, infiniplex_forest_lined_3,
          infiniplex_forest_straight_3, infiniplex_forest_join,
          infiniplex_forest_lined_3, infiniplex_forest_lined_corner,
          infiniplex_forest_lined_2, portal_ice_cave_entry_ice_beasts,
          roderic_batcave, beast_lair_carwin_9
Lair:6:   minmay_snake_entry_guardpost_small, slime_altar_1
Lair:7:   enter_volcano_1
Lair:8:   grunt_lair_end_beastmaster, minmay_lair_drake_nest,
          grunt_megastairs_2, serial_bayou_shore_b, uniq_nessos
Swamp:1:  evilmike_swamp_ruin_house_5, uniq_josephine
Swamp:2:  evilmike_swamp_ruin_rubble_2
Swamp:3:  infiniplex_staircase_pool, uniq_jorgrun
IceCv:    ice_cave_small_dragons
Volcano:  volcano_village
